Map: Ruins of Seras

Players

Juggernewt - Winner!

  • Race: Protoss Protoss
  • League: Bronze

winix

  • Race: Terran Terran
  • League: Bronze

VOD

Have the link to the VOD?

Description

Time

  • Played on: Aug. 14, 2015, 7:28 p.m.
  • Length: 7:49
Show
View Real Time Build Order
Export as new Build Order

Juggernewt Protoss - Winner!

Build Orders: Double Forge 

Get SALT Encoding   

  12  0:02  Probe  
  14  0:14  Probe  
  14  0:18  Pylon  
  14  0:36  Probe (Chrono Boost)  
  15  0:46  Probe (Chrono Boost)  
  16  0:53  Probe (Chrono Boost)  
  17  1:05  Probe (Chrono Boost)  
  18  1:13  Nexus  
  18  1:15  Probe (Chrono Boost)  
  19  1:20  Pylon  
  19  1:23  Probe  
  20  1:33  Gateway  
  20  1:44  Gateway, Probe  
  21  1:53  Assimilator  
  21  1:55  Assimilator  
  21  1:56  Probe  
  22  2:12  Probe  
  22  2:13  Pylon  
  23  2:24  Cybernetics Core  
  23  2:25  Probe (Chrono Boost)  
  23  2:26  Probe (Chrono Boost)  
  24  2:36  Probe x2 (Chrono Boost)  
  26  2:42  Probe (Chrono Boost)  
  27  2:47  Probe (Chrono Boost)  
  28  2:54  Probe (Chrono Boost)  
  30  3:02  Probe (Chrono Boost)  
  30  3:05  Forge  
  30  3:09  Probe x2, Forge  
  34  3:20  Warp Gate (Chrono Boost)  
  34  3:21  Mothership Core, Stalker (Chrono Boost)  
  34  3:23  Stalker (Chrono Boost)  
  38  3:30  Probe  
  39  3:42  Probe x2  
  41  3:49  Protoss Ground Weapons Level 1 (Chrono Boost)  
  41  3:54  Probe x2  
  43  4:00  Gateway  
  43  4:02  Protoss Ground Armor Level 1 (Chrono Boost)  
  43  4:03  Gateway  
  43  4:06  Probe x2  
  45  4:17  Twilight Council  
  45  4:21  Pylon  
  45  4:25  Pylon  
  45  4:33  Gateway  
  45  4:34  Gateway  
  45  4:48  Photon Cannon  
  45  4:53  Photon Cannon  
  45  4:57  Blink  
  45  5:05  Gateway  
  45  5:07  Gateway  
  45  5:10  Stalker, Gateway  
  45  5:11  Stalker x2  
  51  5:29  Protoss Ground Weapons Level 2 (Chrono Boost)  
  51  5:37  Assimilator x2  
  51  5:47  Stalker x2  
  51  5:48  Zealot x4  
  59  6:21  Pylon  
  59  6:31  Pylon  
  59  6:34  Pylon  
  59  6:37  Pylon  
  59  6:39  Stalker x3, Pylon  
  65  6:40  Stalker x2  
  69  6:49  Stalker x2  
  73  7:01  Stalker x2  
  77  7:18  Stalker x2  
  77  7:19  Stalker x2  
  79  7:40  Stalker x5  
Show
View Real Time Build Order
Export as new Build Order

winix Terran 

Build Orders: Command Center First (CC), Mech 

Get SALT Encoding   

  12  0:01  SCV  
  13  0:13  SCV  
  14  0:19  Supply Depot  
  14  0:25  SCV  
  15  0:41  SCV  
  16  0:53  SCV  
  17  1:03  Command Center  
  17  1:05  SCV  
  18  1:18  Barracks  
  18  1:20  SCV  
  19  1:29  Refinery  
  19  1:32  SCV  
  20  1:44  SCV  
  21  2:05  Marine, Orbital Command  
  22  2:15  Supply Depot, Orbital Command  
  22  2:20  Bunker  
  22  2:23  Marine  
  23  2:30  SCV  
  23  2:32  Supply Depot  
  24  2:41  Factory  
  24  2:44  SCV  
  24  2:47  SCV  
  24  2:50  Marine  
  27  3:02  Bunker  
  27  3:04  SCV  
  29  3:05  SCV  
  29  3:10  Engineering Bay  
  29  3:12  Refinery  
  29  3:14  Barracks Tech Lab  
  29  3:16  SCV  
  29  3:17  SCV  
  31  3:28  SCV  
  32  3:36  SCV  
  32  3:40  SCV  
  34  3:41  Missile Turret  
  34  3:43  Missile Turret  
  34  3:48  SCV  
  35  3:50  Factory  
  35  3:52  SCV  
  36  3:56  Armory  
  36  4:00  SCV  
  36  4:02  Widow Mine  
  38  4:11  SCV, Supply Depot  
  38  4:12  SCV  
  40  4:26  SCV x2  
  40  4:29  Refinery  
  42  4:33  Refinery  
  42  4:36  Command Center  
  42  4:37  Siege Tank  
  45  4:38  SCV x2  
  45  4:40  Factory Reactor  
  45  4:43  Supply Depot  
  47  4:50  SCV x2  
  49  4:53  Supply Depot  
  49  5:02  SCV  
  50  5:08  SCV  
  51  5:14  SCV  
  51  5:19  Siege Tank, Hellbat  
  51  5:20  Hellbat  
  59  5:23  Starport  
  59  5:25  Barracks Reactor  
  59  5:29  Supply Depot  
  59  5:31  Starport  
  59  5:33  Missile Turret  
  59  5:35  Terran Vehicle Weapons Level 1  
  59  5:36  SCV x2  
  61  5:44  Missile Turret  
  61  5:45  Hellbat x2  
  61  5:48  SCV  
  66  5:52  Supply Depot  
  66  5:54  Missile Turret  
  66  6:10  Missile Turret  
  66  6:12  Hellbat x2  
  70  6:22  Thor  
  76  6:26  Supply Depot x2  
  76  6:27  SCV x2  
  76  6:32  Missile Turret  
  78  6:36  Hellbat x2  
  78  6:38  Medivac x2  
  86  7:03  Hellbat x2  
  90  7:08  Siege Tank  
  90  7:09  Factory  
  90  7:10  Supply Depot  
Tags
 
Add a new tag
Caveats
  • Supply blocks, unpowered buildings, or Contaminate may cause inaccurate times.
  • Supply counts are checked every 10 seconds.